 Dungeon Crawl Stone Soup version 0.31-a0-354-g827e0957a7 (webtiles) character file.

Game seed: 7623887349915033009

25 Locuples the Magician (level 2, 0/15 HPs)
             Began as a Deep Elf Venom Mage on July 24, 2023.
             Slain by a cerulean imp
             ... wielding a +1 spear
             ... summoned by Natasha
              (4 damage)
             ... on level 2 of the Dungeon.
             The game lasted 00:04:29 (803 turns).

Locuples the Magician (Deep Elf Venom Mage)          Turns: 803, Time: 00:04:29

Health: 0/15       AC:  3    Str:  5    XL:     2   Next: 82%
Magic:  1/8        EV: 13    Int: 19    God:
Gold:   36         SH:  0    Dex: 15    Spells: 5/8 levels left

rFire   . . .        c - +0 dagger (venom)
rCold   . . .        (no shield)
rNeg    . . .        a - +0 robe
rPois   .            (no helmet)
rElec   .            (no cloak)
rCorr   .            f - +0 pair of gloves
SInv    .            (no boots)
Will    .....        (no amulet)
Stlth   ++           (no ring)
HPRegen 0.22/turn    (no ring)
MPRegen 0.11/turn

%: no passive effects
@: no status effects
A: no striking features
a: no special abilities


You were on level 2 of the Dungeon.
You visited 1 branch of the dungeon, and saw 2 of its levels.

You collected 36 gold pieces.

Inventory:

Hand Weapons
 c - a +0 dagger of venom (weapon)
Armour
 a - a +0 robe (worn)
 f - a +0 pair of gloves (worn)
Scrolls
 d - a scroll of identify {unknown}
 e - 3 scrolls of teleportation {unknown}
Potions
 b - a potion of magic
 g - a potion of attraction {unknown}
 h - a potion of heal wounds {unknown}


   Skills:
 + Level 0.1 Short Blades
 + Level 2.7 Dodging
 - Level 2.4 Stealth
 + Level 3.8 Spellcasting
 + Level 1.4 Transmutations
 + Level 3.7 Poison Magic


You had 5 spell levels left.
You knew the following spells:

 Your Spells              Type           Power      Damage    Failure   Level
a - Sting                 Tmut/Pois      52%        1d5       4%          1
b - Poisonous Vapours     Pois/Air       20%        N/A       10%         2

Your spell library contained the following spells:

 Spells                   Type           Power      Damage    Failure   Level
 Mephitic Cloud           Conj/Pois/Air  8%         N/A       26%         3
 Olgreb's Toxic Radiance  Pois           17%        N/A       30%         4
 Freezing Cloud           Conj/Ice/Air   1%         6-21      98%         5


Dungeon Overview and Level Annotations

Branches:
Dungeon (2/15)

Altars:

Annotations:
D:2 Natasha


Message History

Aim: Natasha Poisonous vapours surround Natasha!
Natasha is poisoned.
Aiming: Poisonous Vapours (safe; 10% risk of failure)
Press: ? - help, Q - select action, (/) - cycle Dir - move target, f/p - Natasha
Aim: Natasha (lightly wounded, poisoned) Poisonous vapours surround Natasha!
Natasha looks even sicker.
Natasha barely misses you.
Aiming: Poisonous Vapours (safe; 10% risk of failure)
Press: ? - help, Q - select action, (/) - cycle Dir - move target, f - quokka, p - Natasha
Aim: a quokka Poisonous vapours surround the quokka!
The quokka is poisoned.
Natasha claws you. The quokka barely misses you.
The quokka attacks as you move away! The quokka barely misses you.
The quokka attacks as you move away! The quokka bites you.
Natasha attacks as you move away! Natasha claws you.
Aiming: Poisonous Vapours (safe; 10% risk of failure)
Press: ? - help, Q - select action, (/) - cycle Dir - move target, f - Natasha, p - quokka
Aim: Natasha (moderately wounded, poisoned) Poisonous vapours surround Natasha!
Natasha looks even sicker.
The quokka completely misses you. Natasha closely misses you.
The quokka attacks as you move away! The quokka misses you.
Natasha howls an incantation.
You feel troubled. The quokka closely misses you.
Natasha attacks as you move away! Natasha closely misses you.
The quokka attacks as you move away! The quokka closely misses you.
Natasha misses you. Natasha attacks as you move away!
Natasha barely misses you. The quokka attacks as you move away!
The quokka bites you but does no damage.
Natasha casts a spell.
You kill the quokka!
You don't have enough magic to cast this spell.
Natasha stares at you and mumbles some strange words.
The magic dart hits you.
* * * LOW HITPOINT WARNING * * *
Natasha stares at you and mumbles some strange words.
You resist with significant effort.
The cerulean imp hits you from afar with a +1 spear.
You die...

....#...#..#.##
..............#
..............##
...............#
.............#.#
..##........h..##
.# #.?......#...##
............##5..#
##############.@#
#....# #..#.....
#.###...## #. .###
#. .# .. # .


You could see Natasha (poisoned) and a cerulean imp (summoned).

Vanquished Creatures
  5 endoplasms (D:1)
  A giant cockroach (D:1)
  A hobgoblin (D:1)
  3 quokkas
  6 ball pythons (D:1)
  A bat (D:1)
  2 goblins (D:1)
  3 kobolds (D:1)
  3 rats (D:1)
25 creatures vanquished.

Notes
Turn   | Place    | Note
-------+----------+-------------------------------------------
     0 | D:1      | Locuples the Deep Elf Venom Mage began the quest for the
                  | Orb.
     0 | D:1      | Reached XP level 1. HP: 10/10 MP: 6/6
   260 | D:1      | Reached XP level 2. HP: 15/15 MP: 6/8
   263 | D:1      | Learned a level 2 spell: Poisonous Vapours
   782 | D:2      | Noticed Natasha
   803 | D:2      | Slain by a cerulean imp

Illustrated notes

Levels and vault maps discovered:
D:1:      psy_arrival_basics, layout_rooms, feat_on_display
D:2:      minmay_skewed_foursquare, layout_basic, reono_crystal_passage,
          uniq_jessica, uniq_natasha

Action                     || total
---------------------------++-------
  Melee: Unarmed           ||     1
         Dagger            ||    15
   Cast: Sting             ||    30
         Poisonous Vapours ||     6
 Armour: Robe              ||     5
  Dodge: Dodged            ||    39

Table legend: (Time is in decaauts)
 A = Elapsed time spent in this place.
 B = Non-inter-level travel time spent in this place.
 C = Inter-level travel time spent in this place.
 D = Time resting spent in this place.
 E = Time spent auto-exploring this place.
 F = Levels seen in this place.
 G = Mean time per level.
                   A        B        C        D        E       F      G
               +--------+--------+--------+--------+--------+-----+--------+
         Total |    802 |    747 |     55 |     46 |    488 |   2 |  401.0 |
       Dungeon |    802 |    747 |     55 |     46 |    488 |   2 |  401.0 |
               +--------+--------+--------+--------+--------+-----+--------+

Top non-repeatable levels by time:
     D:1: 777 daAuts
     D:2: 24 daAuts
